Map: 블랙핑크 - 래더

Players

ROOTherO (herO) - Winner!

  • Race: Protoss Protoss
  • League: Grandmaster
  • Spawn Location: 1:00

llllllllllll (Maru)

  • Race: Terran Terran
  • League: Grandmaster
  • Spawn Location: 7:00

VOD

Have the link to the VOD?

Description

Time

  • Played on: Dec. 22, 2017, 5:36 a.m.
  • Length: 15:04
Show
View Real Time Build Order
Export as new Build Order

ROOTherO Protoss - Winner!

Build Orders: 1 Gate Expand, Blink Stalkers, Chargelot Immortal 

Get SALT Encoding   

  12  0:00  Probe  
  13  0:12  Probe  
  14  0:17  Pylon  
  14  0:24  Probe  
  15  0:37  Gateway, Probe (Chrono Boost)  
  15  0:42  Assimilator  
  16  0:49  Probe (Chrono Boost)  
  17  0:54  Probe (Chrono Boost)  
  18  1:03  Probe  
  19  1:15  Probe  
  20  1:23  Nexus  
  20  1:32  Cybernetics Core  
  20  1:36  Probe  
  21  1:42  Assimilator  
  21  1:49  Probe  
  21  1:52  Pylon  
  22  2:01  Probe  
  23  2:08  Stalker (Chrono Boost)  
  23  2:09  Warp Gate  
  23  2:13  Probe  
  26  2:25  Probe  
  27  2:31  Stalker  
  27  2:32  Twilight Council  
  27  2:35  Probe (Chrono Boost)  
  30  2:37  Probe (Chrono Boost)  
  31  2:46  Probe (Chrono Boost)  
  31  2:47  Probe (Chrono Boost)  
  31  2:51  Probe x2 (Chrono Boost)  
  35  3:00  Blink (Chrono Boost)  
  35  3:01  Stalker  
  35  3:02  Probe  
  35  3:03  Probe  
  39  3:14  Probe  
  39  3:15  Probe  
  41  3:25  Gateway  
  41  3:26  Gateway  
  41  3:29  Probe x2  
  43  3:34  Pylon  
  43  3:40  Stalker  
  43  3:41  Probe  
  46  3:48  Robotics Facility  
  46  3:52  Probe  
  46  3:53  Probe  
  48  3:59  Pylon  
  48  4:10  Nexus  
  48  4:18  Pylon  
  48  4:21  Stalker  
  48  4:22  Stalker  
  52  4:26  Stalker  
  52  4:28  Probe x2  
  56  4:36  Assimilator  
  56  4:39  Warp Prism (Chrono Boost)  
  56  4:40  Probe x2  
  60  4:50  Pylon  
  60  4:53  Probe x2  
  60  4:56  Stalker x2  
  60  4:59  Stalker  
  68  5:06  Shield Battery  
  68  5:11  Immortal (Chrono Boost)  
  71  5:22  Stalker  
  71  5:23  Stalker x2  
  76  5:34  Probe  
  76  5:35  Probe  
  78  5:42  Immortal (Chrono Boost)  
  78  5:43  Pylon  
  78  5:48  Pylon  
  76  6:06  Zealot  
  76  6:08  Zealot x2  
  76  6:10  Charge  
  82  6:17  Probe x2  
  84  6:20  Nexus, Observer (Chrono Boost)  
  84  6:22  Pylon  
  84  6:25  Forge  
  85  6:27  Forge  
  85  6:31  Probe  
  86  6:33  Pylon  
  87  6:40  Probe  
  87  6:43  Probe  
  88  6:52  Probe  
  85  6:55  Probe  
  85  6:57  Protoss Ground Weapons Level 1 (Chrono Boost)  
  85  6:59  Immortal  
  84  7:05  Zealot x3  
  84  7:07  Protoss Ground Armor Level 1 (Chrono Boost)  
  88  7:14  Probe x2  
  90  7:16  Gateway  
  90  7:17  Gateway  
  90  7:25  Sentry x3  
  90  7:27  Probe x2  
  98  7:37  Gateway  
  98  7:38  Pylon  
  98  7:43  Gateway x2, Probe  
  99  7:46  Immortal  
  103  7:55  Probe  
  103  7:58  Zealot x3  
  110  8:07  Pylon  
  110  8:09  Pylon  
  110  8:14  Stalker x2  
  110  8:19  Stalker x3  
  120  8:25  Pylon x2  
  120  8:26  Immortal  
  108  8:43  Zealot x2  
  108  8:44  Zealot x4  
  108  8:47  Protoss Ground Armor Level 2 (Chrono Boost)  
  108  8:48  Protoss Ground Weapons Level 2 (Chrono Boost)  
  90  9:05  Immortal  
  84  9:15  Stalker x4  
  88  9:20  Zealot x4  
  84  9:40  Probe  
  84  9:44  Warp Prism  
  84  9:45  Zealot x6  
  99  9:48  Sentry x2  
  99  9:50  Nexus  
  103  10:13  Zealot x7  
  103  10:14  Zealot  
  119  10:15  Zealot x3  
  119  10:16  Zealot x3  
  119  10:20  Immortal  
  119  10:21  Pylon  
  103  10:27  Pylon  
  103  10:28  Pylon  
  89  10:37  Stalker x5  
  99  10:46  Sentry x2  
  103  10:50  Zealot  
  105  11:02  Immortal (Chrono Boost)  
  105  11:03  Zealot x2  
  105  11:04  Zealot x3  
  113  11:10  Zealot x2  
  121  11:15  Zealot  
  121  11:16  Probe x2  
  121  11:17  Probe x2  
  127  11:18  Pylon  
  126  11:29  Probe  
  126  11:31  Zealot x6  
  139  11:33  Zealot  
  139  11:35  Zealot  
  133  11:52  Stalker  
  133  11:53  Stalker x4  
  104  12:13  Stalker  
  76  12:46  Nexus  
  63  13:11  Phoenix  
  12  14:49  Probe (Chrono Boost)  
Show
View Real Time Build Order
Export as new Build Order

llllllllllll Terran 

Build Orders: Reaper Expand, MMM Bio 

Get SALT Encoding   

  12  0:00  SCV  
  13  0:12  SCV  
  14  0:17  Supply Depot  
  14  0:24  SCV  
  15  0:38  SCV  
  15  0:40  Barracks  
  16  0:44  Refinery  
  16  0:50  SCV  
  17  1:02  SCV  
  18  1:15  SCV  
  19  1:27  Orbital Command  
  19  1:28  Reaper  
  20  1:40  Command Center  
  20  1:50  Barracks  
  20  1:53  SCV  
  21  2:00  Barracks Reactor  
  21  2:03  Supply Depot  
  21  2:06  SCV  
  22  2:15  Barracks  
  22  2:18  SCV  
  23  2:31  SCV  
  23  2:36  Marine x2  
  26  2:37  Barracks Tech Lab  
  26  2:43  SCV  
  27  2:52  Orbital Command  
  27  2:54  Marine x2  
  27  2:55  SCV  
  32  2:58  Marauder  
  32  2:59  Stimpack  
  32  3:03  Barracks Tech Lab  
  32  3:07  SCV  
  32  3:12  Marine x2  
  35  3:16  Supply Depot  
  35  3:17  SCV  
  35  3:19  Marine  
  37  3:24  Marauder  
  39  3:27  SCV  
  39  3:29  SCV, Refinery  
  39  3:30  Marine  
  39  3:31  Marine  
  43  3:35  Combat Shields  
  43  3:39  SCV  
  43  3:41  Supply Depot  
  43  3:42  SCV  
  43  3:46  Marauder  
  46  3:54  SCV, Marine x2, Marauder  
  52  3:55  SCV  
  52  3:59  Supply Depot  
  52  4:03  Engineering Bay  
  52  4:07  SCV x2  
  54  4:11  Marine  
  54  4:12  Marine  
  54  4:14  Marauder  
  54  4:17  Marauder  
  60  4:20  SCV x2  
  60  4:23  Supply Depot  
  62  4:30  Missile Turret  
  62  4:31  Terran Infantry Weapons Level 1  
  62  4:33  Marine x2  
  62  4:35  SCV  
  62  4:37  SCV  
  66  4:44  Marauder x2  
  70  4:47  SCV  
  70  4:49  Refinery  
  70  4:51  Supply Depot  
  71  4:53  SCV  
  71  4:58  Factory  
  71  4:59  SCV  
  73  5:02  Marine x2  
  75  5:08  SCV  
  75  5:11  SCV  
  75  5:13  Concussive Shells  
  77  5:17  Marauder x2  
  77  5:20  SCV  
  80  5:26  SCV  
  80  5:31  Command Center  
  80  5:33  Marine x2  
  80  5:40  Marauder  
  80  5:42  Marauder  
  81  5:45  SCV  
  81  5:46  Supply Depot  
  73  5:58  Marine  
  73  6:00  Starport, Factory Reactor  
  73  6:02  Marauder  
  73  6:03  Marauder  
  71  6:08  SCV x2, Barracks  
  71  6:09  Barracks  
  71  6:11  Bunker  
  72  6:15  Bunker  
  72  6:17  Marine x2, Command Center  
  74  6:21  SCV  
  74  6:22  SCV  
  74  6:25  Terran Infantry Armor Level 1  
  76  6:26  Refinery  
  76  6:28  Marauder x2  
  80  6:34  SCV  
  80  6:35  SCV  
  80  6:42  Marine, Factory Reactor  
  79  6:47  Marine  
  79  6:49  SCV x2, Marauder  
  79  6:50  Marauder  
  85  6:58  Marine x2  
  85  7:00  Marine  
  81  7:03  Medivac  
  81  7:04  Medivac  
  81  7:05  SCV  
  84  7:09  Marine  
  84  7:11  Marauder x2  
  84  7:12  SCV  
  90  7:17  SCV  
  90  7:19  Widow Mine  
  93  7:25  Widow Mine  
  93  7:26  Barracks Reactor, Barracks Tech Lab  
  94  7:31  Marine  
  94  7:35  Marine, Medivac  
  94  7:36  Marauder x2  
  101  7:38  SCV  
  102  7:45  Medivac  
  102  7:46  Widow Mine  
  102  7:47  Orbital Command, Widow Mine  
  108  7:52  Marine, Supply Depot  
  108  7:55  Marauder  
  111  8:05  Medivac  
  111  8:07  Orbital Command, Widow Mine  
  111  8:10  SCV  
  111  8:11  SCV, Supply Depot  
  117  8:13  Marine  
  117  8:14  Marauder  
  117  8:15  Medivac  
  122  8:20  Armory  
  122  8:22  Marine  
  122  8:23  Marauder  
  125  8:28  SCV  
  118  8:35  Marine x2, Marauder x2  
  118  8:37  Medivac  
  120  8:41  Marine  
  120  8:44  Marauder  
  117  8:54  Widow Mine, Medivac  
  117  8:55  Widow Mine  
  108  8:58  Marine, Marauder x2  
  108  9:00  Marine  
  102  9:06  SCV  
  102  9:09  Marine x2  
  98  9:10  Marauder  
  98  9:14  SCV  
  98  9:15  Marine  
  90  9:17  SCV  
  90  9:20  Marine, Marauder  
  90  9:21  Marauder  
  93  9:24  Widow Mine  
  93  9:25  Widow Mine  
  93  9:27  Marine  
  93  9:29  Terran Infantry Weapons Level 2  
  96  9:37  Medivac x2  
  96  9:38  Marine x2  
  102  9:46  Engineering Bay  
  102  9:49  Marine x3, Widow Mine x2  
  109  9:55  Marauder x2  
  109  9:56  Marine  
  109  9:59  Marine  
  114  10:07  Marine x2, Marauder  
  112  10:12  Orbital Command  
  112  10:13  Marine  
  110  10:15  SCV  
  110  10:16  Marine, Marauder  
  110  10:17  Marine  
  103  10:24  Marine x2  
  92  10:28  Marine  
  92  10:29  Liberator  
  92  10:31  Marine  
  92  10:33  SCV x2  
  92  10:34  Marauder  
  92  10:35  Marine  
  88  10:37  Marauder  
  88  10:40  Widow Mine  
  88  10:42  Marine  
  94  10:46  Marauder  
  99  10:52  Marine x2  
  99  10:55  Marauder  
  103  10:59  Marine, Marauder  
  103  11:00  Marine  
  107  11:04  SCV x3  
  107  11:08  Marauder, Supply Depot  
  107  11:09  Marine x2  
  114  11:12  Widow Mine  
  114  11:13  Widow Mine  
  114  11:16  Marine  
  119  11:18  Marine  
  119  11:20  Marauder  
  119  11:21  Marine  
  123  11:27  Marine x2  
  123  11:29  Marauder  
  121  11:34  Marine  
  121  11:36  Marine  
  121  11:38  Marine  
  119  11:42  Marauder  
  119  11:45  Marine x2  
  56  13:00  Orbital Command  
  56  13:28  Orbital Command  
Tags
 
Add a new tag
Caveats
  • Supply blocks, unpowered buildings, or Contaminate may cause inaccurate times.
  • Supply counts are checked every 10 seconds.